 Dungeon Crawl Stone Soup version 0.27.0-1-g7a089689b8 (webtiles) character file.

Game seed: 11063426082882547593

87184 dtburroughs the Severer (level 15, -6/141 HPs)
             Began as a Minotaur Berserker on Aug 17, 2021.
             Was a High Priest of Trog.
             Mangled by a naga warrior (23 damage)
             ... on level 2 of the Abyss.
             The game lasted 01:10:34 (34791 turns).

dtburroughs the Severer (Minotaur Berserker)       Turns: 34791, Time: 01:10:35

Health: -6/141     AC: 27    Str: 27    XL:     15   Next: 43%
Magic:  14/14      EV: 11    Int:  7    God:    Trog [*****.]
Gold:   524        SH:  0    Dex: 14    Spells: 14/14 levels left

rFire    . . .     SeeInvis +   R - +0 war axe (flame)
rCold    . . .     Faith    .   (no shield)
rNeg     . . .     Spirit   .   C - +0 plate armour
rPois    +         Reflect  .   n - +2 hat
rElec    .         Harm     .   a - +2 cloak {rPois}
rCorr    .         Rampage  .   P - +2 pair of gloves
Will     +....                  D - +0 pair of boots
Stlth    ..........             x - amulet of the acrobat
HPRegen  0.33/turn              k - ring of see invisible
MPRegen  0.14/turn              u - +6 ring of strength

@: mighty, lethally poisoned (-6 -> -8), about to teleport, constricted
A: horns 2, retaliatory headbutt
a: Renounce Religion, Berserk, Trog's Hand, Brothers in Arms


You were on level 2 of the Abyss.
You worshipped Trog.
Trog was extremely pleased with you.
You visited 2 branches of the dungeon, and saw 20 of its levels.
You visited the Abyss 1 time.
You visited 1 bazaar.

You collected 1457 gold pieces.
You spent 933 gold pieces at shops.

Inventory:

Hand Weapons
 d - a +4 morningstar
 r - a +0 battleaxe
 R - a +0 war axe of flaming (weapon)
Armour
 a - a +2 cloak of poison resistance (worn)
 n - a +2 hat (worn)
 C - a +0 plate armour (worn)
 D - a +0 pair of boots (worn)
 O - a scarf of repulsion
 P - a +2 pair of gloves (worn)
 U - a +0 kite shield
Jewellery
 g - a ring of protection from cold
 k - a ring of see invisible (left hand)
 u - a +6 ring of strength (right hand)
 x - an amulet of the acrobat (around neck)
 J - a ring of resist corrosion
 Q - a ring of poison resistance
Wands
 b - a wand of charming (7)
 y - a wand of acid (29)
 K - a wand of flame (53)
 S - a wand of paralysis (9)
 W - a wand of polymorph (7)
Scrolls
 h - 2 scrolls of enchant armour
 i - 6 scrolls of teleportation
 m - a scroll of holy word {unknown}
 o - a scroll of silence {unknown}
 q - 2 scrolls of immolation {unknown}
 v - 2 scrolls of blinking {unknown}
 z - 2 scrolls of acquirement {unknown}
 A - 2 scrolls of enchant weapon {unknown}
 B - 6 scrolls of vulnerability
 E - 7 scrolls of magic mapping
 G - a scroll of brand weapon {unknown}
 L - 4 scrolls of fear {unknown}
 M - 4 scrolls of noise {unknown}
 N - 2 scrolls of torment {unknown}
 V - a scroll of summoning {unknown}
 X - a scroll of fog {unknown}
 Y - 2 scrolls of identify
Potions
 c - 13 potions of curing
 e - 3 potions of ambrosia {unknown}
 f - 4 potions of might
 j - 3 potions of brilliance {unknown}
 l - 4 potions of degeneration {unknown}
 p - 3 potions of haste
 s - 3 potions of lignification {unknown}
 t - 2 potions of berserk rage {unknown}
 w - a potion of heal wounds
 F - 4 potions of mutation
 H - 2 potions of magic {unknown}
 I - a potion of cancellation {unknown}
 T - a potion of flight
 Z - a potion of resistance {unknown}


   Skills:
 + Level 15.1 Fighting
 + Level 15.1 Axes
 + Level 14.9 Armour
 + Level 13.9 Dodging
 + Level 10.4 Evocations


You had 14 spell levels left.
You didn't know any spells.
Your spell library was empty.

Dungeon Overview and Level Annotations

Branches:
Dungeon (14/15)            Temple (0/1) D:5            Lair (6/6) D:10
  Swamp (0/4) Lair:3        Snake (0/4) Lair:2        Slime (0/5) Lair:6
    Orc (0/2) D:12         Vaults (0/5) D:14

Altars:
Ashenzari
Cheibriados
Dithmenos
Elyvilon
Hepliaklqana
Okawaru
Ru
Sif Muna
Trog
Uskayaw
Vehumet
Wu Jian
Jiyva

Shops:
D:10 [   D:13 =   D:14 ?[*!(

Annotations:
D:4 1 runed translucent door, exclusion: statue, Krazlmac's ghost, amateur DrBe
D:10 2 transporters, Krazlmac's ghost, journeyman MiFi
D:11 3 runed translucent doors, ChodeyFoster420's ghost, journeyman MiBe
D:13 4 runed translucent doors
Lair:4 exclusion: 2 oklob plants


Innate Abilities, Weirdness & Mutations

You have a pair of horns on your head.
You reflexively headbutt those who attack you in melee.


Message History

Your plate armour prevents you from hitting the naga warrior.
The naga warrior barely misses you. You furiously retaliate!
You headbutt the naga warrior! The naga warrior constricts you.
The naga warrior closely misses you. You furiously retaliate!
You headbutt the naga warrior. The naga warrior blocks your attack.
Your headbutt misses the naga warrior.
The naga warrior is heavily wounded.
You slash the naga warrior! You burn the naga warrior.
The naga warrior spits poison at you. The splash of poison hits you.
You are poisoned.
You resist. The naga warrior constricts you.
You barely miss the naga warrior.
The naga warrior is almost dead.
The naga warrior blocks your attack.
You feel sick. The naga warrior barely misses you.
The naga warrior hits you with a +0 trident!!
* * * LOW HITPOINT WARNING * * *
The naga warrior constricts you.
You feel very mighty all of a sudden.
You feel sick.
The naga warrior hits you with a +0 halberd!!
* * * LOW HITPOINT WARNING * * *
The naga warrior hits you with a +0 trident.
* * * LOW HITPOINT WARNING * * *
The naga warrior constricts you.
You feel much better.
You feel sick.
The naga warrior hits you with a +0 halberd!
* * * LOW HITPOINT WARNING * * *
The large abomination hits you but does no damage.
The naga warrior closely misses you.
* * * LOW HITPOINT WARNING * * *
The naga warrior constricts you.
As you read the scroll of teleportation, it crumbles to dust.
You feel strangely unstable.
You feel the power of the Abyss delaying your translocation!
You feel sick.
A vampire comes into view.
The naga warrior hits you with a +0 halberd!!
You die...

.≈≈≈≈. #≈#..
#.#.# ###... #
# ....## . #
#... ## # ...
####..#..###
## .
#...N.#.#.
##### ...
#.####@N##.##.
#...#
##X...#.# ..##
N..#....# . .#
#..#. #.#.##
...... . #..
.#.#.# .#. .
..N .. . #
.#...# #....
###. # . # ...
#V. #.. # # #
... .


You could see 2 naga warriors, a large abomination and a vampire (wandering).

Vanquished Creatures
  Frances (D:13)
  Azrael (D:12)
  A lorocyproca (Abyss:2)
  A fire dragon (Lair:2)
  8 hydras
  3 boulder beetles
  A vault guard (D:14)
  4 centaur warriors
  3 catoblepae (Lair:6)
  15 death yaks
  3 two-headed ogres
  Urug (D:10)
  A wretched star (Abyss:2)
  A bog body (Lair:3)
  Pikel (D:4)
  2 deep elf pyromancers
  3 cyclopes
  3 ugly things
  A will-o-the-wisp (Abyss:2)
  4 manticores
  7 elephants
  Joseph (D:10)
  A guardian serpent (shapeshifter) (D:13)
  6 black mambas
  A guardian serpent (Abyss:2)
  A rust devil (Abyss:2)
  4 torpor snails
  A gargoyle (D:13)
  An orange demon (Abyss:2)
  14 cane toads
  3 kobold demonologists
  An unseen horror (Abyss:2)
  A freezing wraith (Abyss:2)
  3 rime drakes
  8 komodo dragons
  An efreet (Abyss:2)
  7 trolls
  Prince Ribbit (D:6)
  2 hornets
  A polar bear (Lair:4)
  24 blink frogs
  A meliai zombie (D:11)
  11 dream sheep
  A shadow (D:12)
  Sigmund (D:3)
  2 wyverns
  Eustachio (D:6)
  A vampire (D:13)
  69 yaks
  10 humans (D:14)
  3 steam dragons
  4 hogs (Lair:3)
  3 vampire mosquitoes (D:12)
  6 basilisks
  2 fire elementals (D:12)
  3 large abominations (Abyss:2)
  Menkaure (D:6)
  Edmund (D:3)
  An acid dragon (D:7)
  4 hell hounds
  25 water moccasins
  2 sky beasts
  5 orc warriors
  2 ice beasts
  3 black bears
  7 necrophages
  5 wolves (Lair:4)
  6 ogres
  4 boggarts (D:14)
  10 centaurs
  3 small abominations (Abyss:2)
  A lemure (D:4)
  16 kobold brigands
  3 gnoll sergeants (D:12)
  13 bullfrogs
  A wyvern zombie (D:7)
  9 killer bees
  3 wights
  An electric eel (Lair:2)
  7 howler monkeys
  A crimson imp (Abyss:2)
  A quasit (Abyss:2)
  2 jellies
  4 hounds
  4 centaur zombies
  A bullfrog skeleton (D:6)
  An orc priest (D:8)
  Crazy Yiuf (D:7)
  2 centaur skeletons
  4 gnoll shamans
  3 iguanas
  3 orc wizards (D:8)
  A killer bee zombie (D:8)
  A hound skeleton (D:4)
  2 mummies (D:7)
  2 howler monkey zombies
  A howler monkey skeleton (D:4)
  18 gnolls
  5 adders
  2 shadow imps
  A white imp (Abyss:2)
  A worm (D:3)
  2 dart slugs
  22 orcs
  6 ball pythons
  5 bats (D:1)
  4 endoplasms
  5 giant cockroaches
  7 goblins
  6 hobgoblins
  15 jackals
  21 kobolds
  5 quokkas
  4 frilled lizards
  9 rats
570 creatures vanquished.

Vanquished Creatures (collateral kills)
  Kirke (Lair:3)
1 creature vanquished.

Vanquished Creatures (others)
  A wizard (D:14)
  A human (D:14)
  An earth elemental (Abyss:2)
  A bush (Lair:4)
  6 foxfires (Abyss:2)
  33 fungi
  39 plants
  2 starspawn tentacles (Abyss:2)
  4 withered plants (D:7)
88 creatures vanquished.

Grand Total: 659 creatures vanquished

Notes
Turn   | Place    | Note
-------+----------+-------------------------------------------
     0 | D:1      | dtburroughs the Minotaur Berserker began the quest for the
                  | Orb.
     0 | D:1      | Reached XP level 1. HP: 19/19 MP: 0/0
   156 | D:1      | Reached XP level 2. HP: 27/27 MP: 1/1
   843 | D:1      | Reached XP level 3. HP: 33/33 MP: 2/2
   973 | D:1      | Reached ** piety under Trog
  1449 | D:2      | Found an ornate altar of the Wu Jian Council.
  1542 | D:2      | Reached XP level 4. HP: 32/41 MP: 3/3
  1658 | D:2      | Found a faded altar of an unknown god.
  2566 | D:3      | Noticed Sigmund
  2580 | D:3      | Killed Sigmund
  2581 | D:3      | Reached skill level 5 in Fighting
  2581 | D:3      | Reached skill level 5 in Axes
  2581 | D:3      | Reached XP level 5. HP: 48/48 MP: 4/4
  2757 | D:3      | Found a hide-covered altar of Uskayaw.
  3046 | D:4      | Noticed Edmund
  3061 | D:3      | Killed Edmund
  3062 | D:3      | Reached XP level 6. HP: 39/55 MP: 5/5
  3637 | D:4      | Reached skill level 5 in Armour
  3637 | D:4      | Reached XP level 7. HP: 38/62 MP: 6/6
  3819 | D:4      | Found a radiant altar of Vehumet.
  3921 | D:4      | Found a runed translucent door.
  3921 | D:4      | Noticed Pikel
  3936 | D:4      | HP: 1/93 [Pikel (12)]
  3937 | D:4      | Killed Pikel
  3938 | D:4      | Reached skill level 5 in Dodging
  3938 | D:4      | Reached XP level 8. HP: 2/71 MP: 7/7
  4270 | D:4      | Noticed Krazlmac's ghost (amateur DrBe)
  4468 | D:5      | Entered Level 5 of the Dungeon
  4548 | D:5      | Found a staircase to the Ecumenical Temple.
  5867 | D:6      | Noticed Menkaure
  5873 | D:6      | Killed Menkaure
  5874 | D:6      | Reached XP level 9. HP: 81/81 MP: 8/8
  6529 | D:6      | Found an iron altar of Okawaru.
  6529 | D:6      | Noticed Prince Ribbit
  6545 | D:6      | Killed Prince Ribbit
  6700 | D:6      | Reached *** piety under Trog
  6966 | D:6      | Noticed Eustachio
  7002 | D:6      | Killed Eustachio
  7003 | D:6      | Reached skill level 1 in Evocations
  7754 | D:7      | Reached XP level 10. HP: 80/91 MP: 9/9
  8487 | D:7      | Reached **** piety under Trog
  9025 | D:7      | Found a runed translucent door.
  9026 | D:7      | Noticed Crazy Yiuf
  9246 | D:7      | Killed Crazy Yiuf
  9905 | D:8      | Found a shadowy altar of Dithmenos.
 10053 | D:8      | Reached skill level 10 in Axes
 10196 | D:8      | Reached skill level 10 in Fighting
 10670 | D:8      | Noticed a centaur warrior
 10687 | D:8      | Killed a centaur warrior
 10688 | D:8      | Reached skill level 10 in Armour
 10688 | D:8      | Reached XP level 11. HP: 60/101 MP: 10/10
 11028 | D:9      | Noticed a two-headed ogre
 11043 | D:9      | Killed a two-headed ogre
 11353 | D:9      | Found a sacrificial altar of Ru.
 11685 | D:9      | Reached skill level 5 in Evocations
 11996 | D:9      | Found a broken altar of Ashenzari.
 12045 | D:10     | Entered Level 10 of the Dungeon
 12102 | D:10     | Noticed Urug
 12126 | D:10     | Killed Urug
 12139 | D:10     | Found a transporter.
 12139 | D:10     | Noticed Krazlmac's ghost (journeyman MiFi)
 12161 | D:10     | Found Horuatt's Armour Shoppe.
 12183 | D:10     | Noticed a fire crab
 12185 | D:10     | Found a transporter.
 12233 | D:10     | Noticed a two-headed ogre
 12251 | D:10     | Killed a two-headed ogre
 12311 | D:10     | Noticed Joseph
 12332 | D:10     | Reached skill level 10 in Dodging
 12369 | D:10     | Reached ***** piety under Trog
 12389 | D:10     | Killed Joseph
 12822 | D:10     | Found a shimmering blue altar of Sif Muna.
 13213 | D:10     | Found a staircase to the Lair.
 13306 | D:10     | Found a bloodstained altar of Trog.
 13629 | D:11     | Found a runed translucent gate.
 13630 | D:11     | Found a runed translucent gate.
 13630 | D:11     | Noticed a centaur warrior
 13639 | D:11     | Killed a centaur warrior
 13640 | D:11     | Reached XP level 12. HP: 53/110 MP: 11/11
 13859 | D:11     | Found a runed translucent gate.
 13860 | D:11     | Noticed ChodeyFoster420's ghost (journeyman MiBe)
 13862 | D:11     | Found a viscous altar of Jiyva.
 13980 | D:11     | Noticed a boulder beetle
 14375 | D:11     | Found a gateway to a bazaar.
 14389 | Bazaar   | Entered a bazaar
 14403 | Bazaar   | Found Noewuwn's Jewellery Shoppe.
 14419 | Bazaar   | Found Alaiggan's Weapon Emporium.
 14419 | Bazaar   | Found Mipo's Assorted Antiques.
 14441 | Bazaar   | Found Deberuj's Armour Emporium.
 14441 | Bazaar   | Found Keketu Fone's Antique Armour Shoppe.
 14463 | Bazaar   | Found Deuvituc's Assorted Antiques.
 14681 | Bazaar   | Bought a scroll of teleportation for 78 gold pieces
 14681 | Bazaar   | Bought a scroll of enchant armour for 195 gold pieces
 14681 | Bazaar   | Bought a scroll labelled GAUNI FEZURCHA for 26 gold pieces
 14718 | Bazaar   | Bought a scroll of teleportation for 99 gold pieces
 14718 | Bazaar   | Bought a scroll labelled TOGGALAISK for 33 gold pieces
 14845 | D:11     | HP: 5/165 [boulder beetle (7)]
 14847 | D:11     | Killed a boulder beetle
 15467 | Lair:1   | Entered Level 1 of the Lair of Beasts
 15509 | Lair:1   | Received a gift from Trog
 15910 | Lair:1   | Found the +8 whip "Snakebite" {venom, curare, rPois}
 16030 | Lair:1   | Noticed a five-headed hydra
 16046 | Lair:1   | Killed a five-headed hydra
 16145 | Lair:1   | Noticed a five-headed hydra
 16154 | Lair:1   | Killed a five-headed hydra
 17749 | Lair:2   | Found a staircase to the Snake Pit.
 18021 | Lair:2   | Noticed a fire dragon
 18030 | Lair:2   | Killed a fire dragon
 18663 | Lair:2   | Reached XP level 13. HP: 119/119 MP: 12/12
 19190 | Lair:3   | Found a staircase to the Swamp.
 19202 | Lair:3   | HP: 4/119 [bog body/bolt of cold (33)]
 20534 | Lair:4   | Noticed Kirke
 21200 | Lair:3   | Killed Kirke
 24448 | Lair:5   | Reached XP level 14. HP: 121/129 MP: 13/13
 24739 | Lair:6   | Entered Level 6 of the Lair of Beasts
 24888 | Lair:6   | Found a staircase to the Slime Pits.
 24888 | Lair:6   | Found a viscous altar of Jiyva.
 25168 | Lair:6   | HP: 4/195 [death yak (8)]
 26763 | Lair:6   | Found a snail-covered altar of Cheibriados.
 29409 | D:12     | Found a staircase to the Orcish Mines.
 29432 | D:12     | Received a gift from Trog
 29764 | D:12     | Noticed Azrael
 29793 | D:12     | Killed Azrael
 29794 | D:12     | Reached skill level 10 in Evocations
 30866 | D:13     | Found a hazy altar of Hepliaklqana.
 30919 | D:13     | Reached XP level 15. HP: 123/139 MP: 14/14
 31179 | D:13     | Found a huge runed translucent gate.
 31179 | D:13     | Found a huge runed translucent gate.
 31179 | D:13     | Found a huge runed translucent gate.
 31179 | D:13     | Found a huge runed translucent gate.
 31667 | D:13     | Found Lyschys's Jewellery Shoppe.
 31774 | D:13     | Noticed Frances
 31784 | D:13     | Killed Frances
 32313 | D:14     | Found Heidghuc's Antique Armour Boutique.
 33175 | D:14     | Found a white marble altar of Elyvilon.
 33234 | D:14     | Found Rastrij's Assorted Antiques.
 33408 | D:14     | Found Jootuaxu's Distillery.
 33417 | D:14     | Bought a potion of might for 56 gold pieces
 33417 | D:14     | Bought a potion of haste for 140 gold pieces
 33417 | D:14     | Bought a potion of heal wounds for 70 gold pieces
 33417 | D:14     | Bought a potion of heal wounds for 70 gold pieces
 33417 | D:14     | Bought a potion of heal wounds for 70 gold pieces
 33417 | D:14     | Bought a potion of curing for 42 gold pieces
 33421 | D:14     | Found Yho Ruatu's Antique Weapon Boutique.
 33807 | D:14     | Found a gate to the Vaults.
 33890 | D:14     | Reached skill level 15 in Axes
 34106 | D:14     | Found Usolo's Magic Scroll Shop.
 34114 | D:14     | Bought a scroll of teleportation for 54 gold pieces
 34136 | D:14     | Cast into level 2 of the Abyss (a wizard)
 34136 | Abyss:2  | Found a corrupted altar of Lugonu.
 34179 | Abyss:2  | Noticed a tentacled starspawn
 34301 | Abyss:2  | Reached skill level 15 in Fighting
 34789 | Abyss:2  | HP: 3/141 [naga warrior (5)]
 34791 | Abyss:2  | Mangled by a naga warrior

Illustrated notes

Levels and vault maps discovered:
D:1:      denvon_arrival_waterhouse, layout_basic
D:2:      layout_basic, hellmonk_ecumenical_altar_zigzags, basic_altar
D:3:      layout_basic, nicolae_uskayaw_dance_hall, serial_co_window_serial,
          co_window_corner_a, co_window_corner_a, co_window_cross_1,
          co_window_of_opportunity_a, co_window_of_opportunity_a,
          co_window_of_opportunity_a, co_window_2corner, co_window_2corner,
          co_window_of_opportunity_c, co_window_corner_b, glass_columns_a,
          uniq_sigmund
D:4:      layout_rooms, vehumet_statue, ebering_ghost_sewer_d, uniq_edmund,
          uniq_pikel
D:5:      layout_cave_pools, minmay_temple_entry_offerings,
          minmay_misc_feat_room
D:6:      layout_basic, okawaru_metal_pillars_1_2, uniq_eustachio,
          uniq_prince_ribbit1, uniq_menkaure
D:7:      layout_loops_ring, serial_undead, serial_undead_f, serial_undead_f,
          serial_undead_e, serial_undead_d, uniq_crazy_yiuf_cottage
D:8:      minmay_recursive_quarters, layout_basic,
          nicolae_dithmenos_shadow_blocks, minmay_chambers_of_fives
D:9:      layout_roguey, mainiacjoe_overflow_24_doors,
          mainiacjoe_overflow_six_doors_small, serial_aquarium,
          aquarium_bridge_straight [aquarium_subvault_bridge,
          aquarium_subvault_balcony, aquarium_subvault_bridge,
          aquarium_subvault_window], aquarium_window_1, aquarium_window_corner,
          aquarium_window_corner, aquarium_view_2e, aquarium_balcony_5a
D:10:     layout_small_grid, nicolae_sif_muna_condensation, tgw_trog,
          lair_entry_dummy, gammafunk_ghost_arena, serial_shops,
          nicolae_shop_stone, fountainhead, uniq_urug, uniq_joseph
D:11:     layout_roguey [special_room_kobold], serial_shops, bzr_entry_dummy,
          gammafunk_ghost_ooze
D:12:     layout_grid_maze, kennysheep_orc_monster_closet_entryway,
          chequers_serial_rivers_small_b, uniq_azrael
D:13:     lemuel_bear_cage, layout_grid_maze, serial_shops, shop,
          worldfamousw_hep_ancestral_shrine, uniq_frances
D:14:     layout_cave_pools, ximxim_vaults_locker_room, serial_shops,
          nicolae_shop_waterfront, nicolae_shop_crystal,
          nicolae_shop_behind_doors, shop, nicolae_stop_n_shop_2,
          elyvilon_altar_5, minmay_the_grid_square_5x5_3x3_mashed
          [minmay_the_grid_square_5x5_spiral_small,
          minmay_the_grid_square_5x5_inner_i, minmay_the_grid_square_5x5_z,
          minmay_the_grid_square_5x5_broken_cross,
          minmay_the_grid_square_5x5_megaprize_open,
          minmay_the_grid_square_5x5_bite, minmay_the_grid_square_5x5_inner_v,
          minmay_the_grid_square_5x5_three,
          minmay_the_grid_square_5x5_doubleslash]
Lair:1:   minmay_guarded_unrand_snakebite, layout_chaotic_city, enter_volcano_3
Lair:2:   dragon1_lemuel, layout_gridlike, minmay_snake_entry_six_corridors,
          lemuel_fruit_fields, infiniplex_staircase_pool_2
Lair:3:   layout_cave_shapes, skrybe_swamp_entry_bodies
Lair:4:   layout_loops_ring, patterned_corridor, grunt_megastairs_3,
          minmay_lair_oklob_chamber, uniq_kirke
Lair:5:   layout_concentric_octagons, lemuel_fruit_tree, grunt_megastairs_1
Lair:6:   evilmike_catoblepas_cave, layout_cave_pods, slime_altar_1,
          serial_rivers, chequers_serial_rivers_small_b,
          chequers_serial_rivers_micro_a, chequers_serial_rivers_micro_d,
          chequers_serial_rivers_room_b, kennysheep_snail_temple
Abyss:2:  base: D:7, minivault_24, bh_abyss_exit_grid,
          hangedman_abyss_lost_library, onia_ninara_dug_in_and_dangerous

Skill      XL: |  1  2  3  4  5  6  7  8  9 10 11 12 13 14 15 |
---------------+----------------------------------------------+-----
Fighting       | 4 5 6 7 9 10 11 12 13 14 15 | 15.1
Axes           | 4 5 6 7 9 10 11 12 13 14 15 | 15.1
Armour         | 3 4 5 6 7 8 10 11 12 13 14 | 14.9
Dodging        | 3 4 5 6 8 9 10 11 12 13 | 13.9
Evocations     | 2 4 6 7 8 10 | 10.4

Action                   |  1- 3 |  4- 6 |  7- 9 | 10-12 | 13-15 || total
-------------------------+-------+-------+-------+-------+-------++-------
Melee: Hand axe          |    95 |    69 |   224 |    67 |       ||   455
       Headbutt          |    11 |    15 |    70 |   186 |   289 ||   571
       War axe           |       |       |       |   495 |   112 ||   607
       Morningstar       |       |       |       |   163 |   690 ||   853
       Unarmed           |       |       |       |       |     5 ||     5
       Battleaxe         |       |       |       |       |   177 ||   177
Invok: Berserk           |       |     2 |     2 |     3 |     5 ||    12
       Trog's Hand       |       |       |     2 |     1 |     7 ||    10
       Brothers in Arms  |       |       |       |     1 |     1 ||     2
Evoke: Wand              |       |       |       |     4 |    10 ||    14
  Use: Scroll            |       |       |       |    12 |     4 ||    16
       Potion            |       |       |       |     3 |    10 ||    13
 Stab: Petrifying        |       |       |       |       |     1 ||     1
       Petrified         |       |       |       |       |     1 ||     1
Armor: Animal skin       |    12 |       |       |       |       ||    12
       Ring mail         |    19 |    18 |    62 |       |       ||    99
       Plate armour      |       |       |    17 |   365 |   247 ||   629
       Fire dragon scale |       |       |       |    33 |   368 ||   401
Dodge: Dodged            |    73 |    37 |   144 |   466 |  1000 ||  1720
